 Dungeon Crawl Stone Soup version 0.20.1-1-g8b1a95d (webtiles) character file.

4496 theanonym the Markscentaur (level 10, 60/90 HPs)
             Began as a Centaur Hunter on Oct 10, 2017.
             Was a Follower of Trog.
             Quit the game on level 9 of the Dungeon on Oct 11, 2017.
             The game lasted 00:29:52 (9393 turns).

theanonym the Markscentaur (Centaur Hunter)         Turns: 9393, Time: 00:29:54

Health: 60/90      AC:  7    Str: 19    XL:     10   Next: 16%
Magic:  10/10      EV:  9    Int: 10    God:    Trog [*.....]
Gold:   456        SH:  0    Dex:  9    Spells: 9/9 levels left

rFire    . . .     SeeInvis .   b - +3 quarterstaff (chaos)
rCold    . . .     Gourm    .   (shield currently unavailable)
rNeg     . . .     Faith    .   c - +0 leather armour
rPois    .         Spirit   .   e - +0 helmet
rElec    .         Reflect  .   v - +0 cloak {MR+}
rCorr    .         Harm     .   u - +0 pair of gloves
MR       +....                  (no barding)
Stlth    +.........             (no amulet)
Regen    0.3/turn               (no ring)
MPRegen  0.2/turn               (no ring)

@: very quick
A: hooves 3, deformed body, speed 2, tough skin 3
a: Berserk, Burn Spellbooks, Renounce Religion


You were on level 9 of the Dungeon.
You worshipped Trog.
Trog was aware of your devotion.
You were not hungry.

You visited 2 branches of the dungeon, and saw 10 of its levels.

You collected 456 gold pieces.

Inventory:

Hand Weapons
 a - a +1 shortbow
 b - a +3 quarterstaff of chaos (weapon)
   (You took it off Crazy Yiuf on level 3 of the Dungeon)
Missiles
 d - 113 arrows
Armour
 c - a +0 leather armour (worn)
 e - a +0 helmet (worn)
   (You found it on level 1 of the Dungeon)
 o - a scarf of repulsion
   (You found it on level 1 of the Dungeon)
 u - a +0 pair of gloves (worn)
   (You found it on level 3 of the Dungeon)
 v - a +0 cloak of magic resistance (worn)
   (You took it off Crazy Yiuf on level 3 of the Dungeon)
Jewellery
 s - an uncursed ring of fire {rF+, rC-}
   (You found it on level 3 of the Dungeon)
Wands
 j - a wand of flame (20/48)
   (You took it off Ijyb on level 3 of the Dungeon)
 y - a wand of polymorph (15/24)
   (You found it on level 4 of the Dungeon)
 C - a wand of acid (12/15)
   (You found it on level 6 of the Dungeon)
 E - a wand of paralysis (8/24)
   (You found it on level 7 of the Dungeon)
 J - a wand of flame (19/48)
   (You found it on level 8 of the Dungeon)
 K - a wand of paralysis (15/24)
   (You took it off Erolcha on level 9 of the Dungeon)
Scrolls
 i - 3 scrolls of recharging
 k - 3 scrolls of identify
 m - 6 scrolls of teleportation
 n - 2 scrolls of remove curse
 B - a scroll of blinking {!r}
 D - 3 scrolls of enchant armour {unknown}
 F - a scroll of magic mapping {!r}
 G - a scroll of enchant weapon {unknown}
 I - a scroll of fog {unknown}
Potions
 l - 7 potions of heal wounds
 p - 2 potions of flight {unknown}
 q - a potion of ambrosia {unknown}
 r - a potion of degeneration {unknown}
 t - 2 potions of magic {unknown}
 w - 6 potions of curing {unknown}
 x - a potion of agility {unknown}
 z - 2 potions of cancellation {unknown}
 A - a potion of resistance {unknown}
Comestibles
 f - 6 bread rations {@e1}
 g - 3 meat rations {@e2}
 h - 5 royal jellies
 H - 2 fruits


   Skills:
 + Level 8.5 Fighting
 + Level 15.8 Bows
 - Level 1.3 Dodging
 - Level 0.4 Stealth


You had 9 spell levels left.
You didn't know any spells.

Dungeon Overview and Level Annotations

Branches:
Dungeon (9/15)             Temple (1/1) D:6
   Lair: D:8-11         Orc: D:9-12

Altars:
Ashenzari
Cheibriados
Dithmenos
Elyvilon
Kikubaaqudgha
Makhleb
Qazlal
Ru
Sif Muna
Trog
Uskayaw
Xom
Yredelemnul
Zin
The Shining One

Annotations:
D:7 exclusion: downstairs


Innate Abilities, Weirdness & Mutations

You have hooves in place of feet.
Armour fits poorly on your strangely shaped body.
You cover ground very quickly.
You have extremely tough skin. (AC +3)


Message History

You kill the centaur!
Trog accepts your kill.
Your Fighting skill increases to level 8!
No target in view!
No target in view!
No target in view!
d - 84 arrows (gained 3)
d - 111 arrows (gained 27)
You see here a shortbow.
You open the door.
There is an open door here.
You open the door.
You see here a ring mail.
There is an open door here.
You see here a bullfrog skeleton.
d - 112 arrows (gained 1)
d - 113 arrows (gained 1)
There is an open door here.
You see here a giant club.
Done exploring.
Health restored: 81 Done exploring.
There is a stone staircase leading up, spattered with blood here.
There is a stone staircase leading down here.
Done exploring.
You climb downwards.
Erolcha the Cunning comes into view.
She is wielding a giant club.
Erolcha shouts!
There is a stone staircase leading up here.
Okay, then.
Do you really want to go berserk while wielding your +1 shortbow? [Y]es or [N]o only, please.
Do you really want to go berserk while wielding your +1 shortbow? [Y]es or [N]o only, please.
Do you really want to go berserk while wielding your +1 shortbow?
A red film seems to cover your vision as you go berserk!
You feel yourself moving faster!
You feel mighty!
You feel a lot more hungry.
You now have 121/121 hp.
You feel a strong urge to attack something.
Erolcha barely misses you.
You are too berserk!
Unknown command.
You are too berserk!
Quivering
d - 113 arrows for bows.
Your +3 quarterstaff of chaos is briefly surrounded by a scintillating aura of random colours.
b - a +3 quarterstaff of chaos (weapon)
You feel your anger subside.
You are no longer berserk.
You are exhausted.
You feel yourself slow down.
Erolcha zaps a wand.
You resist with almost no effort.
It is a wand of paralysis (?/24).
You now have 81/81 hp.
You hit Erolcha. You kick Erolcha, but do no damage. Erolcha barely misses you.
You hit Erolcha. Your kick misses Erolcha. Erolcha barely misses you.
Erolcha hits you with a giant club!
You take 17 damage, and have 64/81 hp.
MASSIVE DAMAGE!!
You barely miss Erolcha. You kick Erolcha! Erolcha hits you with a giant club!
You take 14 damage, and have 50/81 hp.
You closely miss Erolcha. You kick Erolcha!
Erolcha zaps a wand.
You resist with almost no effort. Erolcha hits you with a giant club.
You take 2 damage, and have 48/81 hp.
You are too injured to fight recklessly!
You are too injured to fight recklessly!
You are too injured to fight recklessly!
You are too injured to fight recklessly!
You are too injured to fight recklessly!
Unknown command.
You sock Erolcha! Lightning courses through Erolcha!
Erolcha hits you with a giant club!
Erolcha points at you and mumbles some strange words.
The crystal spear hits you!
* * * LOW HITPOINT WARNING * * *
You take 26 damage, and have 22/81 hp.
MASSIVE DAMAGE!!
You thump Erolcha! You kick Erolcha.
You kill Erolcha!
Trog accepts your kill.
Trog appreciates your killing of a magic user.
You have reached level 10!
You regained 3 hp, and now have 25/90 hp.
MP restored: 10
K - a wand of paralysis (?/24) {zapped: 2}
Things that are here:
a giant club; a robe
There is a stone staircase leading up here.
You start resting.
You feel yourself speed up.
You regained 5 hp, and now have 31/90 hp.
You start resting.
You recover from your berserk rage.
You regained 3 hp, and now have 34/90 hp.
Unknown command.
You start resting.
A wight opens the door.
It is wielding an enchanted trident.
You regained 26 hp, and now have 60/90 hp.
Welcome back, theanonym the Centaur Hunter.
Trog says: Kill them all!

###+########
#..........#
####..........#
..z'..........#
#$..@[.....#
#..........#
##+#########


You could see a wight (wandering).

Vanquished Creatures
  Erolcha (D:9)
  Grinder (D:3)
  Eustachio (D:5)
  Menkaure (D:4)
  3 orc warriors
  A sky beast (D:6)
  2 black bears
  3 phantoms
  7 ogres
  2 centaurs
  A crocodile (D:8)
  5 bullfrogs
  A water moccasin skeleton (D:6)
  3 killer bees
  5 wights (D:6)
  A howler monkey (D:5)
  3 crimson imps
  3 jellies
  A quasit (D:7)
  2 hounds
  Crazy Yiuf (D:3)
  4 orc priests
  4 orc wizards
  A bullfrog skeleton (D:8)
  A centaur skeleton (D:5)
  An iguana (D:4)
  Jessica (D:2)
  Ijyb (D:3)
  A worker ant (D:6)
  A hound zombie (D:6)
  Robin (D:2)
  7 adders
  2 shadow imps
  An adder skeleton (D:5)
  3 worms
  4 dart slugs
  6 leopard geckos
  26 orcs
  A ball python (D:1)
  A giant cockroach (D:3)
  13 goblins
  16 hobgoblins
  5 jackals
  5 quokkas
  5 bats
  3 frilled lizards
  11 kobolds
  A leopard gecko skeleton (D:7)
  A quokka skeleton (D:5)
  8 rats
183 creatures vanquished.

Notes
Turn   | Place    | Note
-------+----------+-------------------------------------------
     0 | D:1      | theanonym the Centaur Hunter began the quest for the Orb.
     0 | D:1      | Reached XP level 1. HP: 17/17 MP: 1/1
    93 | D:1      | Reached XP level 2. HP: 24/24 MP: 2/2
   135 | D:1      | Reached skill level 6 in Bows
   489 | D:1      | Reached XP level 3. HP: 29/29 MP: 3/3
   595 | D:2      | Noticed Robin
   626 | D:2      | Killed Robin
   632 | D:2      | Reached skill level 7 in Bows
   690 | D:2      | Reached XP level 4. HP: 36/37 MP: 4/4
   787 | D:2      | Noticed Jessica
   788 | D:2      | Killed Jessica
  1626 | D:3      | Reached skill level 8 in Bows
  1626 | D:3      | Reached XP level 5. HP: 12/44 MP: 5/5
  1944 | D:3      | You fall through a shaft!
  2177 | D:3      | Noticed Ijyb
  2186 | D:3      | Killed Ijyb
  2186 | D:3      | Reached skill level 3 in Fighting
  2206 | D:3      | Noticed Grinder
  2225 | D:3      | Killed Grinder
  2225 | D:3      | Reached skill level 9 in Bows
  2225 | D:3      | Reached XP level 6. HP: 31/51 MP: 6/6
  2826 | D:3      | Found a runed door.
  2975 | D:3      | Noticed Crazy Yiuf
  2979 | D:3      | Killed Crazy Yiuf
  2979 | D:3      | Reached skill level 10 in Bows
  3175 | D:4      | Reached XP level 7. HP: 57/58 MP: 7/7
  3195 | D:4      | Noticed Menkaure
  3201 | D:4      | Killed Menkaure
  3201 | D:4      | Reached skill level 4 in Fighting
  3392 | D:4      | Reached skill level 11 in Bows
  4210 | D:5      | Entered Level 5 of the Dungeon
  4239 | D:5      | Reached XP level 8. HP: 61/67 MP: 8/8
  4323 | D:5      | Reached skill level 12 in Bows
  4446 | D:5      | Noticed Eustachio
  4455 | D:5      | Killed Eustachio
  4455 | D:5      | Reached skill level 5 in Fighting
  4835 | D:5      | Reached skill level 13 in Bows
  5490 | D:6      | Reached skill level 6 in Fighting
  5580 | D:6      | Reached XP level 9. HP: 75/75 MP: 9/9
  5589 | D:6      | Found a deep blue altar of Sif Muna.
  5725 | D:6      | Reached skill level 14 in Bows
  6496 | D:6      | Found a staircase to the Ecumenical Temple.
  6504 | Temple   | Entered the Ecumenical Temple
  6556 | Temple   | Became a worshipper of Trog the Wrathful
  6865 | D:7      | Reached skill level 7 in Fighting
  6908 | D:7      | Found a sacrificial altar of Ru.
  7039 | D:7      | Reached skill level 15 in Bows
  7736 | D:7      | HP: 19/79 [killer bee (3)]
  7751 | D:7      | HP: 19/79 [poisoned by a killer bee]
  7757 | D:7      | HP: 15/79 [poisoned by a killer bee]
  7762 | D:7      | HP: 12/79 [poisoned by a killer bee]
  7767 | D:7      | HP: 11/79 [poisoned by a killer bee]
  7772 | D:7      | HP: 10/79 [poisoned by a killer bee]
  7780 | D:7      | HP: 10/79 [poisoned by a killer bee]
  8476 | D:8      | Reached * piety under Trog
  8930 | D:8      | Reached skill level 8 in Fighting
  9247 | D:9      | Noticed Erolcha
  9259 | D:9      | Killed Erolcha
  9259 | D:9      | Reached XP level 10. HP: 25/90 MP: 10/10
  9393 | D:9      | Quit the game

Skill      XL: |  1  2  3  4  5  6  7  8  9 |
---------------+----------------------------+-----
Bows           | 6 7 8 9 10 11 13 15 | 15.8
Fighting       | 3 4 6 8 |  8.5
Dodging        | |  1.3
Stealth        | |  0.4

Action                   |  1- 3 |  4- 6 |  7- 9 | 10-12 || total
-------------------------+-------+-------+-------+-------++-------
Melee: Quarterstaff      |       |       |    88 |       ||    88
       Kick              |       |       |    23 |       ||    23
 Fire: Shortbow          |   125 |   174 |   403 |       ||   702
Throw: Throwing net      |       |       |     1 |       ||     1
Invok: Burn Spellbooks   |       |       |     2 |       ||     2
       Berserk           |       |       |     1 |       ||     1
  Use: Scroll            |       |     6 |     5 |       ||    11
       Potion            |       |       |     1 |       ||     1
  Eat: Chunk             |       |     4 |     7 |       ||    11
       Fruit             |       |       |     5 |       ||     5
       Meat ration       |       |       |     1 |       ||     1
Armor: Leather armour    |    10 |    13 |    46 |       ||    69
Dodge: Dodged            |    24 |    24 |    77 |       ||   125
       Deflected         |       |       |     1 |       ||     1

Vault maps used:
D:1:      sevenhm_arrival_forest_fort_small_6
D:2:      fountainhead, uniq_robin, uniq_jessica
D:3:      uniq_ijyb, uniq_crazy_yiuf_cottage, uniq_grinder
D:4:      uniq_menkaure
D:5:      first_bread, uniq_eustachio
D:6:      black_bear_nest_2, minmay_temple_entry_fiery, gup_sewer_entry_bowl,
          tgw_sif
D:7:      serial_aquarium, aquarium_bridge_long_separate, aquarium_window_1,
          aquarium_window_corridor_3, aquarium_window_1, aquarium_view_2e,
          nicolae_ru_path_of_blood
D:9:      grunt_temple_overflow_open, minmay_lair_entry_grove, uniq_erolcha
Temple:   cyrus_circular_temple

Table legend:
 A = Turns spent in this place as a percentage of turns spent in the entire game.
 B = Non-inter-level travel turns spent in this place as a percentage of non-inter-level travel turns spent in the entire game.
 C = Inter-level travel turns spent in this place as a percentage of turns spent in this place.
 D = Turns resting spent in this place as a percentage of non-inter-level travel turns spent in this place.
 E = Turns spent auto-exploring this place as a percentage of non-inter-level travel turns spent in this place.
 F = Non-inter-level travel turns spent in this place divided by the number of levels of this place that you've seen.
                   A       B       C       D       E      F
               +-------+-------+-------+-------+-------+----------------------
         Total | 100.0 | 100.0 |   0.7 |   3.2 |  13.9 | 185.6
       Dungeon |  99.1 |  99.1 |   0.7 |   3.2 |  13.6 | 204.4
        Temple |   0.9 |   0.9 |   5.9 |   0.0 |  50.0 |  16.0
               +-------+-------+-------+-------+-------+----------------------

Table legend:
 A = Kills in this place as a percentage of kills in entire the game.
 B = Kills by you in this place as a percentage of kills by you in the entire game.
 C = Kills by friends in this place as a percentage of kills by friends in the entire game.
 D = Other kills in this place as a percentage of other kills in the entire game.
 E = Experience gained in this place as a percentage of experience gained in the entire game.
 F = Experience gained in this place divided by the number of levels of this place that you have seen.
                   A       B       C       D       E      F
               +-------+-------+-------+-------+-------+----------------------
         Total | 100.0 | 100.0 |  -nan |  -nan | 100.0 | 642.4
       Dungeon | 100.0 | 100.0 |  -nan |  -nan | 100.0 | 713.8
               +-------+-------+-------+-------+-------+----------------------
